 Dungeon Crawl Stone Soup version 0.28.0-43-g3370ac3207 (webtiles) character file.

Game seed: 13073459686320199721

6 cbfl8 the Sneak (level 1, 0/14 HPs)
             Began as a Tengu Delver on Mar 19, 2022.
             Was an Initiate of Zin.
             Killed from afar by a dart slug (4 damage)
             ... with a slug dart
             ... on level 2 of the Dungeon.
             The game lasted 00:01:37 (458 turns).

cbfl8 the Sneak (Tengu Delver)                       Turns: 458, Time: 00:01:38

Health: 0/14       AC:  8    Str: 12    XL:     1   Next: 90%
Magic:  2/2        EV:  2    Int: 10    God:    Zin [......]
Gold:   0          SH:  0    Dex: 15    Spells: 0/0 levels left

rFire   . . .      SeeInvis .   a - +0 hand axe
rCold   . . .      Faith    .   (no shield)
rNeg    . . .      Spirit   .   i - +0 chain mail
rPois   .          Reflect  .   (helmet restricted)
rElec   .          Harm     .   (no cloak)
rCorr   .          Rampage  .   (no gloves)
Will    .....                   (boots unavailable)
Stlth   ..........              (no amulet)
HPRegen 0.04/turn               (no ring)
MPRegen 0.08/turn               (no ring)

@: constricted
A: beak, talons 3
a: Renounce Religion, Donate Gold


You were on level 2 of the Dungeon.
You worshipped Zin.
Zin was noncommittal.
You visited 2 branches of the dungeon, and saw 5 of its levels.

Inventory:

Hand Weapons
 a - a +0 hand axe (weapon)
Armour
 b - a +0 leather armour
 i - a +0 chain mail (worn)
Wands
 g - a wand of digging (3)
Scrolls
 c - a scroll of fog
 e - a scroll of fear
 h - a scroll of noise {unknown}
Potions
 d - a potion of invisibility {unknown}
 f - a potion of haste


   Skills:
 + Level 3.0 Fighting
 + Level 2.2 Axes
 + Level 2.3 Dodging
 + Level 5.2 Stealth


You couldn't memorise any spells.
You didn't know any spells.
Your spell library was empty.

Dungeon Overview and Level Annotations

Branches:
Dungeon (5/15)             Temple (1/1) D:5

Altars:
Ashenzari
Cheibriados
Elyvilon
Fedhas
Gozag
Hepliaklqana
Kikubaaqudgha
Makhleb
Nemelex Xobeh
Okawaru
Qazlal
Ru
Sif Muna
Trog
Uskayaw
Vehumet
Wu Jian
Xom
Yredelemnul
Zin
The Shining One


Innate Abilities, Weirdness & Mutations

You have a beak for a mouth.
You have claws for feet.


Message History

A worm comes into view.
Found 14 gold pieces.
There is a stone staircase leading up here.
You climb upwards.
The kobold shouts!
Found a leather armour and 5 boomerangs of dispersal.
There is a stone staircase leading down here.
A quokka comes into view.
A ball python comes into view.
The giant cockroach bites you but does no damage.
You hit the giant cockroach.
You claw the giant cockroach, but do no damage.
The giant cockroach is severely wounded.
The giant cockroach bites you but does no damage. x2
You hit the giant cockroach.
You kill the giant cockroach!
You barely miss the kobold. You peck the kobold, but do no damage.
The kobold hits you with a +0 short sword.
You barely miss the kobold. You claw the kobold.
You kill the kobold!
The quokka bites you but does no damage.
You closely miss the quokka. The quokka bites you.
The dart slug launches a dart at you.
The slug dart hits you but does no damage.
You hit the quokka. You claw the quokka.
The quokka is almost dead.
The quokka bites you.
The quokka bites you but does no damage.
You closely miss the quokka.
The quokka is severely wounded.
You barely miss the dart slug. The quokka bites you. The dart slug bites you.
* * * LOW HITPOINT WARNING * * *
You hit the quokka.
You kill the quokka!
You completely miss the dart slug.
The ball python bites you but does no damage.
The ball python grabs you. The ball python constricts you.
The dart slug launches a dart at you. The slug dart hits you.
You die...

...... .... ..
.... ###. ...
..w. ..# ... #.#
#.. #S#
#.##..##@#
....[..#w#
#...>.#
#............
#.....#..######.
#..#.##..# #. #.
#..# # . ...# .
...#


You could see a dart slug and a ball python.

Vanquished Creatures
  An orc (D:4)
  A ball python (D:4)
  A giant cockroach (D:2)
  A kobold (D:2)
  A quokka (D:2)
5 creatures vanquished.

Notes
Turn   | Place    | Note
-------+----------+-------------------------------------------
     0 | D:5      | cbfl8 the Tengu Delver began the quest for the Orb.
     0 | D:5      | Reached XP level 1. HP: 14/14 MP: 2/2
    27 | D:5      | Found a staircase to the Ecumenical Temple.
    37 | Temple   | Entered the Ecumenical Temple
   135 | Temple   | Became a worshipper of Zin the Law-Giver
   153 | D:5      | Noticed a lemure
   458 | D:2      | Killed from afar by a dart slug

Illustrated notes

Levels and vault maps discovered:
D:2:      layout_loops_ring, uniq_natasha
D:3:      minmay_chambers_of_threes, layout_rooms, mainiacjoe_overflow_alcove_4,
          shapermc_ecumenical_altar_mp_vishouse, nrook_mini_vaults, uniq_grinder
D:4:      layout_loops_ring
D:5:      layout_loops_cross, minmay_temple_entry_statues_pillars, serial_shops,
          nicolae_shop_trees, minmay_liquid_box, minmay_manual_maat, uniq_pikel
Temple:   dpeg_three_leaves_temple

Action                   || total
-------------------------++-------
Melee: Hand axe          ||    13
       Kick              ||     4
       Peck              ||     1
  Use: Scroll            ||     1
Armor: Chain mail        ||     7
Dodge: Dodged            ||     1
